 Dungeon Crawl Stone Soup version 0.29.1-15-g9cfb28693d (webtiles) character file.

Game seed: 16022994849453867885

175 safid the Chiller (level 5, -3/41 HPs)
             Began as a Merfolk Ice Elementalist on Apr 21, 2023.
             Was an Initiate of Vehumet.
             Slain by a lemure (5 damage)
             ... led by Pikel
             ... on level 3 of the Dungeon.
             The game lasted 00:04:52 (4684 turns).

safid the Chiller (Merfolk Ice Elementalist)        Turns: 4684, Time: 00:04:53

Health: -3/41      AC:  2    Str:  8    XL:     5   Next: 55%
Magic:  5/9        EV: 12    Int: 17    God:    Vehumet [......]
Gold:   175        SH:  0    Dex: 14    Spells: 3/10 levels left

rFire   . . .      SeeInvis .   n - +1 short sword (vamp)
rCold   . . .      Faith    .   (no shield)
rNeg    . . .      Spirit   .   a - +0 robe
rPois   .          Reflect  .   (no helmet)
rElec   .          Harm     .   (no cloak)
rCorr   .          Rampage  .   (no gloves)
Will    .....                   (no boots)
Stlth   ++........              (no amulet)
HPRegen 0.13/turn               l - ring of flight
MPRegen 0.11/turn               (no ring)

@: freezing walls, flying, very slightly contaminated
A: (nimble swimmer 2), mertail
a: Renounce Religion


You were on level 3 of the Dungeon.
You worshipped Vehumet.
Vehumet was noncommittal.
You visited 2 branches of the dungeon, and saw 5 of its levels.

You collected 175 gold pieces.

Inventory:

Hand Weapons
 n - a +1 vampiric short sword (weapon)
Armour
 a - a +0 robe (worn)
Jewellery
 l - a ring of flight (left hand)
Scrolls
 c - a scroll of blinking {unknown}
 d - a scroll of vulnerability {unknown}
 e - 2 scrolls of magic mapping {unknown}
 i - 4 scrolls of identify {unknown}
 j - a scroll of enchant weapon {unknown}
 o - a scroll of fear {unknown}
Potions
 b - a potion of magic
 f - a potion of curing {unknown}
 g - a potion of ambrosia {unknown}
 h - a potion of attraction {unknown}
 k - 3 potions of mutation {unknown}
 m - a potion of might {unknown}


   Skills:
 + Level 3.1 Fighting
 - Level 2.6 Dodging
 - Level 2.1 Stealth
 + Level 3.2 Spellcasting
 + Level 5.5 Ice Magic


You had 3 spell levels left.
You knew the following spells:

 Your Spells              Type           Power      Damage    Failure   Level
a - Freeze                Ice            84%        1d10      1%          1
b - Frozen Ramparts       Ice            42%        1d7       5%          3
c - Ozocubu's Armour      Ice            21%        N/A       5%          3

Your spell library contained the following spells:

 Spells                   Type           Power      Damage    Failure   Level
 Beastly Appendage        Tmut           4%         N/A       17%         1
 Foxfire                  Conj/Fire      8%         2x1d4     17%         1
 Sandblast                Erth           4%         2d4       17%         1
 Passwall                 Tmut/Erth      1%         N/A       26%         2
 Wereblood                Tmut           2%         N/A       26%         2
 Conjure Flame            Conj/Fire      2%         6-21      45%         3
 Inner Flame              Hex/Fire       2%         N/A       45%         3
 Spider Form              Tmut/Pois      2%         N/A       45%         3
 Stone Arrow              Conj/Erth      4%         3d7       45%         3
 Hailstorm                Conj/Ice       12%        3d5       47%         4
 Flame Wave               Conj/Fire      2%         2d4       86%         4


Dungeon Overview and Level Annotations

Branches:
Dungeon (4/15)             Temple (1/1) D:4

Altars:
Ashenzari
Cheibriados
Elyvilon
Fedhas
Gozag
Hepliaklqana
Kikubaaqudgha
Nemelex Xobeh
Okawaru
Qazlal
Ru
Sif Muna
Trog
Uskayaw
Vehumet
Wu Jian
Xom
The Shining One

Shops:
D:1 ?


Innate Abilities, Weirdness & Mutations

((You are very nimble when in or above water. (Stealth+, EV+, Speed+++)))
Your lower body shifts to a powerful aquatic tail in water.


Message History

The lemure closely misses you.
You hit the hobgoblin.
You feel better.
You kill the hobgoblin!
Vehumet accepts your kill. The lemure hits you but does no damage.
The lemure barely misses you.
Unknown command.
Your frozen ramparts will break if you move.
Continue?
The frozen ramparts melt away as you move.
Casting: Frozen Ramparts (dangerous; 5% risk of failure)
Confirm with . or Enter, or press ? or * to list all spells.
Casting: Frozen Ramparts (dangerous; 5% risk of failure)
Press: ? - help, Dir - look around, f - activate You miscast Frozen Ramparts.
You are very lightly contaminated with residual magic.
Nothing appears to happen.
The lemure closely misses you. The lemure hits you.
Unknown command.
Okay, then.
You completely miss the lemure. The lemure hits you!
Magic courses through your body. The lemure hits you but does no damage.
The lemure hits you!
* * * LOW HITPOINT WARNING * * *
Unknown command.
Casting: Frozen Ramparts (dangerous; 5% risk of failure)
Confirm with . or Enter, or press ? or * to list all spells.
Casting: Frozen Ramparts (dangerous; 5% risk of failure)
Press: ? - help, Dir - look around, f - activate The walls around you are covered in ice.
The wall freezes the lemure.
The lemure hits you.
* * * LOW HITPOINT WARNING * * *
Unknown command.
Casting: Frozen Ramparts (dangerous; 5% risk of failure)
Confirm with . or Enter, or press ? or * to list all spells.
Aiming: Freeze (safe; 1% risk of failure)
Press: ? - help, Shift-Dir - straight line, f - lemure
Aim: a lemure (lightly wounded)
You freeze the lemure.
The lemure is lightly wounded.
You feel yourself speed up.
The wall freezes the lemure.
The lemure hits you.
You die...

#..#.......'.........+...........
#.........##.........####...#####
#..###.#..###.......## ##..#
#.........# ##.....## ##.#
#.##...#.## ##...## #.#
#.##.###.# ##'## #.# #.##.###.#
#.# #.# #........# #.# #.#
####.##### ##@## #.# #.# ##.5.##
#.# #.# #.....########.# #.#
##...###...†...# #.##### ##.##
#.####### #.....############.#
#####...†..........#
################


You could see a lemure.

Vanquished Creatures
  An iguana (D:4)
  Natasha (D:4)
  2 adders
  An ufetubus (D:4)
  A worm (D:3)
  3 dart slugs
  6 orcs (D:3)
  5 bats
  7 endoplasms
  2 giant cockroaches
  8 goblins
  6 hobgoblins
  3 jackals (D:1)
  4 kobolds
  6 quokkas
  9 ball pythons
  5 frilled lizards
  8 rats
78 creatures vanquished.

Notes
Turn   | Place    | Note
-------+----------+-------------------------------------------
     0 | D:1      | safid the Merfolk Ice Elementalist began the quest for the
                  | Orb.
     0 | D:1      | Reached XP level 1. HP: 13/13 MP: 3/3
   437 | D:1      | Reached XP level 2. HP: 16/20 MP: 0/5
   497 | D:1      | Reached skill level 1 in Fighting
   630 | D:1      | Found Pyillurog's Magic Scroll Boutique.
  1031 | D:1      | Reached XP level 3. HP: 26/26 MP: 6/6
  1275 | D:1      | Found a faded altar of an unknown god.
  2800 | D:3      | Reached skill level 5 in Ice Magic
  2889 | D:3      | Reached XP level 4. HP: 33/33 MP: 5/8
  2926 | D:3      | Learned a level 3 spell: Frozen Ramparts
  2930 | D:3      | Learned a level 3 spell: Ozocubu's Armour
  4443 | D:4      | Found a staircase to the Ecumenical Temple.
  4455 | D:4      | Reached XP level 5. HP: 38/40 MP: 5/9
  4457 | Temple   | Entered the Ecumenical Temple
  4492 | Temple   | Became a worshipper of Vehumet
  4498 | D:4      | Found a broken altar of Ashenzari.
  4657 | D:4      | Noticed Natasha
  4662 | D:4      | Noticed a lemure
  4667 | D:4      | Killed Natasha
  4668 | D:4      | Noticed a lemure
  4683 | D:3      | HP: 2/41 [lemure[Pikel] (5)]
  4684 | D:3      | Slain by a lemure

Illustrated notes

Levels and vault maps discovered:
D:1:      minmay_arrival_glassed_features, layout_basic,
          hellmonk_ecumenical_altar_slurped_away, serial_shops,
          nicolae_shop_stone, minmay_misc_feat_doors
D:2:      layout_rooms
D:3:      layout_loops_corners, minmay_stone_trees_small, minmay_goblin_outpost
D:4:      minmay_chambers_of_threes, layout_basic, cheibrodos_ashenzari_chains,
          yredelemnul_altar_generic, minmay_temple_entry_butterflies,
          hellmonk_ghost_happy_afterlife, st_stairs_4,
          minmay_misc_feat_more_columns, hangedman_abyss_or_decor_lesser_grid,
          uniq_sigmund, uniq_natasha, uniq_duvessa, uniq_pikel
Temple:   sentei_temple_godly_chess

Skill      XL: |  1  2  3  4  5 |
---------------+----------------+-----
Fighting       | 1 2 3 |  3.1
Ice Magic      | 5 |  5.5
Spellcasting   | 3 |  3.2
Dodging        | |  2.6
Stealth        | |  2.1

Action                   |  1- 3 |  4- 6 || total
-------------------------+-------+-------++-------
Melee: Unarmed           |    13 |       ||    13
       Whip              |   135 |    62 ||   197
       Short sword       |       |    26 ||    26
       Punch             |       |     1 ||     1
 Cast: Freeze            |    20 |    17 ||    37
       Frozen Ramparts   |       |     5 ||     5
  Use: Potion            |       |     1 ||     1
 Stab: Sleeping          |     9 |     2 ||    11
Armor: Robe              |    44 |    19 ||    63
Dodge: Dodged            |   113 |    69 ||   182
